[Event "Team 45 45 League T32"]
[Site "Internet Chess Club"]
[Date "2007.01.30"]
[Round "2"]
[White "Thestorm"]
[Black "chsrules88"]
[Result "1/2-1/2"]
[WhiteElo "2105"]
[BlackElo "2049"]
[ECO "B00"]
[TimeControl "2700+45"]

1. e4 a6 2. d4 b5 3. Nf3 Bb7 4. Bd3 e6 5. O-O d6 6. d5 Nf6 7. dxe6 fxe6 8. a4
bxa4 9. Ng5 Qd7 10. Bc4 d5 11. exd5 exd5 12. Qe2+ Be7 13. Bd3 O-O 14. Qe6+ Qxe6
15. Nxe6 Rc8 16. Bf4 c5 17. Rxa4 c4 18. Bf5 Bc6 19. Ra5 Bd7 20. Nc3 Bb4 21. Ra2
Bxc3 22. bxc3 Kh8 23. Rfa1 Bxe6 24. Bxe6 Re8 25. Re1 Nbd7 26. Raa1 Nc5 27. Bf5
Rxe1+ 28. Rxe1 a5 29. Bd6 Nce4 30. Be5 a4 31. Ra1 Kg8 32. f3 Nc5 33. Bd6 Nfd7
34. Ra3 Ra6 35. Bc7 Kf7 36. h4 g6 37. Bh3 Ke7 38. Kf2 Ra8 39. Bf4 Ne6 40. Bg3 h5
41. Ke2 Kf6 42. Kf2 Ne5 43. Ke2 Nc7 44. Bd7 Nxd7 45. Bxc7 Kf5 46. Ke3 Nc5 47.
Bb6 Ne6 48. g3 Ra6 49. Bd4 Nc7 50. Ra2 Nb5 51. Kd2 Nxd4 52. cxd4 a3 53. c3 Ra7
54. Ke3 Ra8 55. Ke2 g5 56. hxg5 Kxg5 57. Ke3 Ra7 58. Kf2 h4 59. gxh4+ Kxh4 60.
Kg2 Kg5 61. Kg3 Kf5 62. Kg2 Kf4 63. Kf2 Rh7 64. Rxa3 Rh2+ 65. Ke1 Kxf3 66. Kd1
Ke3 67. Kc1 Kd3 68. Kb1 Rc2 69. Ra5 Rxc3 70. Rxd5 Rb3+ 71. Kc1 c3 72. Rg5 Ra3
73. Rg3+ Kc4 74. d5 Kb3 75. Kb1 Ra5 76. Rd3 Kc4 77. Rh3 Rxd5 78. Rh2 Kb3 79.
Rb2+ Ka4 80. Rh2 Kb4 81. Kc2 Rd4 82. Rg2 Kc4 83. Rh2 Rg4 84. Rf2 Kd4 85. Re2 Rg1
86. Rh2 Rg4 87. Re2 Kc4 88. Rh2 Rd4 89. Re2 Kb4 90. Rg2 Re4 91. Rf2 Rc4 92. Rh2
{Game drawn by mutual agreement} 1/2-1/2

[Event "Team 45 45 League T32"]
[Site "Internet Chess Club"]
[Date "2007.01.28"]
[Round "2"]
[White "kingfischer57"]
[Black "ETwoEFour"]
[Result "0-1"]
[WhiteElo "1780"]
[BlackElo "1904"]
[ECO "E92"]
[TimeControl "2700+45"]

1. d4 Nf6 2. c4 g6 3. Nc3 Bg7 4. e4 d6 5. Nf3 O-O 6. Be2 e5 7. dxe5 dxe5 8. O-O
Qe8 9. Bg5 c6 10. Qc1 Nbd7 11. h3 Nc5 12. Qe3 Ne6 13. Bh6 Nh5 14. Bxg7 Nexg7 15.
Qh6 f6 16. Qe3 Nf4 17. Rad1 g5 18. Nh2 h5 19. Rd6 Nge6 20. Rfd1 Nd4 21. R6xd4
exd4 22. Qxd4 Qg6 23. Bd3 g4 24. hxg4 hxg4 25. Qe3 Qg5 26. Ne2 Ne6 27. Qxg5+
Nxg5 28. Nf4 Kg7 29. Nf1 Ne6 30. Nxe6+ Bxe6 31. Ne3 Rad8 32. Be2 Rxd1+ 33. Bxd1
Rd8 34. Bxg4 Bxg4 35. Nxg4 Rd4 36. f3 Rxc4 37. Ne3 Rc1+ 38. Kf2 Ra1 39. a3 Ra2
40. Nf5+ Kf7 41. Kg3 Rxb2 42. Nd6+ Ke6 43. Nf5 c5 44. Ne3 Rb3 45. Kf4 Rxa3 46.
g4 Rxe3 47. Kxe3 a5 48. f4 b5 49. Kd3 a4 50. Kc3 b4+ {White resigns} 0-1

[Event "Team 45 45 League T32"]
[Site "Internet Chess Club"]
[Date "2007.01.28"]
[Round "2"]
[White "billscotty"]
[Black "tourettes"]
[Result "1-0"]
[WhiteElo "1696"]
[BlackElo "1815"]
[ECO "C02"]
[TimeControl "2700+45"]

1. e4 e6 2. d4 d5 3. e5 c5 4. c3 cxd4 5. cxd4 Nc6 6. Nf3 Qb6 7. Nc3 Nge7 8. Be2
Bd7 9. O-O Nf5 10. Na4 Qc7 11. g4 Nfe7 12. Nc5 Ng6 13. Nxd7 Qxd7 14. a3 Be7 15.
g5 Rc8 16. h4 f6 17. h5 Nf8 18. gxf6 gxf6 19. Bh6 f5 20. Kh2 Kd8 21. Rg1 Qe8 22.
Ng5 Kc7 23. Qd2 Kb8 24. b4 a6 25. Rac1 Nd8 26. Rxc8+ Kxc8 27. Nh3 Nf7 28. Qc3+
Kb8 29. Be3 Nd7 30. Nf4 Bg5 31. Rc1 Bxf4+ 32. Bxf4 Qd8 33. Kg2 Rg8+ 34. Kf1 Qh4
35. Qc7+ Ka8 36. Bxa6 Qh1+ 37. Ke2 Qe4+ 38. Be3 bxa6 39. Qxd7 Ng5 40. Rc7 Qf3+
41. Ke1 Qh1+ 42. Kd2 Ne4+ 43. Kc2 Nc5 44. bxc5 Qe4+ 45. Kd2 Qb1 46. Rc8+ Rxc8
47. Qxc8+ Ka7 48. Qc7+ Ka8 49. Qb6 Qa2+ 50. Ke1 Qxa3 51. c6 Qc3+ 52. Bd2 {Black
resigns} 1-0

[Event "Team 45 45 League T32"]
[Site "Internet Chess Club"]
[Date "2007.01.27"]
[Round "2"]
[White "crankn8tr"]
[Black "joshtournman"]
[Result "1-0"]
[WhiteElo "1615"]
[BlackElo "1455"]
[ECO "C42"]
[TimeControl "2700+45"]

1. e4 e5 2. Nf3 Nf6 3. Nxe5 Qe7 4. d4 d6 5. Nf3 Nxe4 6. Be2 Bg4 7. O-O Nd7 8.
Nc3 Nxc3 9. bxc3 O-O-O 10. Re1 Qe8 11. Rb1 Be7 12. Bc4 Nb6 13. Qd3 Bxf3 14. Qxf3
d5 15. Bd3 Qf8 16. Bf4 Bd6 17. Bxd6 Rxd6 18. c4 Rf6 19. Qg4+ Kb8 20. c5 Nc4 21.
Bxc4 dxc4 22. Qd7 Qd8 23. Qb5 b6 24. Qxc4 Rf4 25. c3 Qf6 26. f3 Qg6 27. Qe2 Rf6
28. d5 Rd8 29. c6 Qf5 30. Qa6 Qc8 31. Qd3 Qf5 32. Qa6 Qc8 33. Qxc8+ Kxc8 34. c4
Rf4 35. Re4 Rxe4 36. fxe4 Re8 37. Re1 Kd8 38. a4 f6 39. Kf2 Ke7 40. Ke3 Kd6 41.
Kd4 Re5 42. g4 g6 43. Rf1 Ke7 44. h4 h5 45. g5 {Black resigns} 1-0

[Event "Team 45 45 League T32"]
[Site "Internet Chess Club"]
[Date "2007.01.26"]
[Round "2"]
[White "BigNEazy"]
[Black "Terte"]
[Result "0-1"]
[WhiteElo "2191"]
[BlackElo "1964"]
[ECO "E61"]
[TimeControl "2700+45"]

1. d4 g6 2. Nf3 Bg7 3. c4 Nf6 4. Nc3 d6 5. h3 O-O 6. e4 Nc6 7. Bd3 e5 8. d5 Ne7
9. g4 Bd7 10. Be3 a6 11. Qd2 Rb8 12. c5 dxc5 13. Bxc5 Ne8 14. O-O-O Nd6 15. Rdg1
b6 16. Be3 c6 17. Bh6 cxd5 18. Bxg7 Kxg7 19. exd5 Qc7 20. Kb1 b5 21. Rc1 Qb7 22.
Qe3 f6 23. Nxe5 b4 24. Ne4 fxe5 25. Nc5 Qxd5 26. Nxd7 Rf3 27. Qxe5+ Qxe5 28.
Nxe5 Rxf2 29. Rc7 Rb7 30. Rxb7 Nxb7 31. Rc1 Kf6 32. Bxa6 Kxe5 33. Bxb7 Rh2 34.
Re1+ Kd6 35. Re3 Nc6 36. Rb3 Rh1+ 37. Kc2 Nd4+ 38. Kd3 Rd1+ 39. Kc4 Nxb3 40.
axb3 Rd2 41. Kxb4 Rxb2 42. Bc8 Rh2 43. g5 Rc2 44. Bg4 Rc5 45. Ka4 Rxg5 46. b4 h5
47. Bd1 Rg3 48. h4 g5 49. hxg5 h4 50. g6 Rxg6 51. Ka5 Kc7 52. Bf3 h3 53. b5 h2
54. Be4 Rg1 55. b6+ Kb8 {White resigns} 0-1

[Event "Team 45 45 League T32"]
[Site "Internet Chess Club"]
[Date "2007.01.28"]
[Round "2"]
[White "Factor-Pavez"]
[Black "upturnedcircle"]
[Result "1-0"]
[WhiteElo "1949"]
[BlackElo "1987"]
[ECO "C01"]
[TimeControl "2700+45"]

1. e4 e6 2. d4 d5 3. exd5 exd5 4. Nf3 Bd6 5. Bd3 Nf6 6. O-O O-O 7. Bg5 c5 8.
dxc5 Bxc5 9. Nbd2 Nc6 10. c3 Bg4 11. Qa4 Bxf3 12. Nxf3 h6 13. Bh4 Qd6 14. Bg3
Qd7 15. b4 Bb6 16. Rad1 Qg4 17. Qc2 Ne4 18. Bxe4 dxe4 19. Ne5 Nxe5 20. Bxe5 e3
21. fxe3 Bxe3+ 22. Kh1 Rfe8 23. Bg3 Rac8 24. Rd3 Qxb4 25. Re1 Qb6 26. Qa4 Re6
27. Qd7 Rce8 28. h3 Bf2 29. Qxe8+ Rxe8 30. Rxe8+ Kh7 31. Bxf2 Qb1+ 32. Re1 Qxd3
33. Bd4 a6 34. a4 Kg6 35. Re7 Qd1+ 36. Kh2 Qxa4 37. Rxb7 Qc6 38. Rb6 Qxb6 39.
Bxb6 Kf5 40. Kg3 Ke4 {Black resigns} 1-0

[Event "Team 45 45 League T32"]
[Site "Internet Chess Club"]
[Date "2007.01.24"]
[Round "2"]
[White "chiiwen"]
[Black "Sailor"]
[Result "1-0"]
[WhiteElo "1833"]
[BlackElo "1805"]
[ECO "B26"]
[TimeControl "2700+45"]

1. e4 c5 2. Nc3 Nc6 3. g3 g6 4. Bg2 Bg7 5. d3 d6 6. Be3 Rb8 7. Qd2 e6 8. Nge2
Nge7 9. Bh6 O-O 10. h4 d5 11. h5 Bh8 12. Bxf8 Qxf8 13. hxg6 fxg6 14. O-O d4 15.
Nd1 Ne5 16. f4 Qh6 17. Nf2 Bd7 18. Rad1 Nf7 19. Ng4 Qg7 20. e5 Qf8 21. c3 Nf5
22. cxd4 cxd4 23. Rc1 h5 24. Nf2 Ne3 25. Rfe1 Nxg2 26. Kxg2 Bc6+ 27. Ne4 Nh6 28.
Nxd4 Bd5 29. Kg1 Ng4 30. Nf2 Nh6 31. Qc3 Qe8 32. Qc7 Bg7 33. b3 Bf8 34. Ne4 Ng4
35. Nf6+ Nxf6 36. exf6 Qd8 37. Qxd8 Rxd8 38. Nxe6 Bxe6 39. Rxe6 Kf7 40. Re3 b6
41. Kg2 Bc5 42. Rf3 Kxf6 43. Rc4 a5 44. d4 Rxd4 45. Rxd4 Bxd4 46. Rd3 Bc5 47.
Kf3 g5 48. fxg5+ Kxg5 49. Rd5+ Kg6 50. Kf4 Bf2 51. Rd6+ Kg7 52. g4 hxg4 53. Kxg4
Kf7 54. Kf5 Ke7 55. Rg6 Bc5 56. Ke4 Kd7 57. Kd5 Bf2 58. Rg7+ Kc8 59. Kc6 Kd8 60.
Rb7 Ke8 61. Rxb6 Ke7 62. Ra6 Be1 63. Kb5 Kd7 64. Rxa5 Bf2 65. b4 Kc7 66. Ra6 Be3
67. a4 Kb7 68. Rg6 Bd4 69. a5 Be3 70. Rg7+ Kb8 71. Kc6 Bd2 72. Kb6 Be3+ 73. Ka6
Bd4 74. Rh7 Be5 75. b5 Bd4 76. b6 Be5 77. Re7 {Black resigns} 1-0

[Event "Team 45 45 League T32"]
[Site "Internet Chess Club"]
[Date "2007.01.28"]
[Round "2"]
[White "Legal"]
[Black "DTK"]
[Result "0-1"]
[WhiteElo "2033"]
[BlackElo "2173"]
[ECO "C12"]
[TimeControl "2700+45"]

1. e4 e6 2. d4 d5 3. Nc3 Nf6 4. Bg5 Bb4 5. exd5 Qxd5 6. Bxf6 Bxc3+ 7. bxc3 gxf6
8. Qg4 Bd7 9. Qg7 Rf8 10. Qxf6 Ba4 11. Kd2 Nd7 12. Qf3 Qa5 13. Nh3 O-O-O 14. Bd3
Bc6 15. Be4 Ne5 16. Qe2 Rxd4+ 17. Bd3 Nc4+ {White resigns} 0-1

[Event "Team 45 45 League T32"]
[Site "Internet Chess Club"]
[Date "2007.01.26"]
[Round "2"]
[White "elnik"]
[Black "steve"]
[Result "0-1"]
[WhiteElo "1898"]
[BlackElo "1979"]
[ECO "D38"]
[TimeControl "2700+45"]

1. d4 d5 2. c4 e6 3. Nc3 Nf6 4. Nf3 Bb4 5. Bg5 O-O 6. a3 Bxc3+ 7. bxc3 Nbd7 8.
cxd5 exd5 9. e3 c5 10. Bd3 Qa5 11. Qd2 Ne4 12. Qc2 Re8 13. O-O c4 14. Bxe4 dxe4
15. Ne5 Nb6 16. Qe2 f6 17. Nxc4 Qxg5 18. Nd6 Bg4 19. Qa2+ Be6 20. Qc2 Bh3 21. f4
exf3 22. Rxf3 Rxe3 23. Rxh3 Rxh3 24. Qa2+ Nd5 {White resigns} 0-1

[Event "Team 45 45 League T32"]
[Site "Internet Chess Club"]
[Date "2007.01.29"]
[Round "2"]
[White "chsrules88"]
[Black "alexcolins"]
[Result "1-0"]
[WhiteElo "2046"]
[BlackElo "1806"]
[ECO "B07"]
[TimeControl "2700+45"]

1. e4 d6 2. Nf3 Nf6 3. Bd3 c5 4. c3 Nc6 5. O-O Bg4 6. Bc2 Ne5 7. Ba4+ Nfd7 8.
Nxe5 Bxd1 9. Bxd7+ Qxd7 10. Nxd7 Ba4 11. Nxf8 Rxf8 12. d4 cxd4 13. cxd4 Bb5 14.
Re1 Rc8 15. Nc3 Bd7 16. Be3 e6 17. d5 e5 18. Bxa7 Ke7 19. Be3 h6 20. f4 f6 21.
Rac1 Rc4 22. b3 Rc7 23. Ne2 Rfc8 24. Rxc7 Rxc7 25. Rc1 Rxc1+ 26. Bxc1 Bb5 27.
Kf2 Kd7 28. Ke3 Kc7 29. f5 Kb6 30. Ng3 Be8 31. Kd3 h5 32. h4 g6 33. a4 Kc5 34.
Ba3+ Kb6 35. Bxd6 {Black resigns} 1-0

[Event "Team 45 45 League T32"]
[Site "Internet Chess Club"]
[Date "2007.01.31"]
[Round "2"]
[White "deathmage"]
[Black "viking99"]
[Result "1/2-1/2"]
[WhiteElo "1677"]
[BlackElo "1813"]
[ECO "C00"]
[TimeControl "2700+45"]

1. e4 e6 2. d3 d5 3. Nd2 Nf6 4. Ngf3 dxe4 5. dxe4 Bc5 6. h3 Nc6 7. g3 Nd4 8. Bg2
O-O 9. O-O Re8 10. e5 Nd5 11. Ne4 Nxf3+ 12. Qxf3 Bf8 13. Qg4 f5 14. exf6 Nxf6
15. Bg5 Nxg4 16. Bxd8 Rxd8 17. hxg4 e5 18. Bf3 Be6 19. Rad1 Be7 20. b3 c6 21. c4
Rd4 22. Rxd4 exd4 23. c5 Bd5 24. Rc1 Rd8 25. Nd2 d3 26. Bxd5+ Rxd5 27. Ne4 Kf7
28. f3 d2 29. Rd1 Ke6 30. Kf2 Bxc5+ 31. Nxc5+ Rxc5 32. Rxd2 Rd5 33. Rxd5 Kxd5
34. Ke3 a5 35. Kd3 b5 {Game drawn by mutual agreement} 1/2-1/2

[Event "Team 45 45 League T32"]
[Site "Internet Chess Club"]
[Date "2007.01.26"]
[Round "2"]
[White "NESKAYA"]
[Black "Izeelden"]
[Result "1-0"]
[WhiteElo "1687"]
[BlackElo "1665"]
[ECO "B06"]
[TimeControl "2700+45"]

1. e4 g6 2. g3 Bg7 3. Bg2 c6 4. Nf3 d6 5. d4 Qb6 6. O-O Bg4 7. c3 Nf6 8. Nbd2
Nbd7 9. Qc2 O-O 10. h3 Bxf3 11. Nxf3 e5 12. Be3 exd4 13. cxd4 Rac8 14. e5 Nd5
15. exd6 Rfe8 16. Rfe1 Re6 17. Ne5 Nxe3 18. Qd3 Bxe5 19. Rxe3 Bxd4 20. Rxe6 fxe6
21. Rd1 Bxf2+ 22. Kh1 e5 23. Qc4+ Kg7 24. Qe6 Qd8 25. Rf1 Nc5 26. Qxe5+ Qf6 27.
Qxf6+ Kxf6 28. Rxf2+ Ke6 29. d7 Nxd7 30. h4 Ne5 31. Bh3+ Kd5 32. Bxc8 b5 33. Bb7
a5 34. b3 Kd4 35. Rc2 Kd3 36. Rc1 Kd2 37. Rc5 Nd3 38. Rxc6 Nb4 39. Rd6+ Kc2 40.
a3 Na2 41. b4 axb4 42. axb4 Nxb4 43. Rb6 Kc3 44. Rxb5 Nd3 45. Kg1 Kc4 46. Ba6
Kd4 47. Rb7 h6 48. Rd7+ Ke4 49. Bxd3+ {Black resigns} 1-0

[Event "Team 45 45 League T32"]
[Site "Internet Chess Club"]
[Date "2007.01.28"]
[Round "2"]
[White "Jozin"]
[Black "ogoon"]
[Result "1/2-1/2"]
[WhiteElo "1628"]
[BlackElo "1668"]
[ECO "A06"]
[TimeControl "2700+45"]

1. Nf3 d5 2. e3 Bg4 3. Be2 Nc6 4. d4 e6 5. O-O Bd6 6. Nbd2 Nf6 7. c4 a6 8. b3
O-O 9. c5 Be7 10. a4 b6 11. Ba3 b5 12. axb5 axb5 13. Bxb5 Na7 14. Be2 c6 15. Bb2
Nb5 16. Ne5 Bxe2 17. Qxe2 Qc7 18. b4 Nd7 19. Nxd7 Qxd7 20. Nb1 Rxa1 21. Bxa1 Ra8
22. Qb2 Bf6 23. Nc3 Nc7 24. Qe2 h6 25. Rb1 e5 26. Nd1 exd4 27. Bxd4 Bxd4 28.
exd4 Re8 29. Ne3 Nb5 30. Qd3 Qe6 31. Kf1 Qe4 32. Qxe4 Rxe4 33. Nc2 Nc3 34. Re1
Rf4 35. f3 Nb5 36. Rd1 g5 37. Rd3 g4 38. Ke2 gxf3+ 39. Rxf3 Nxd4+ 40. Nxd4 Rxd4
41. Rb3 Rc4 42. b5 cxb5 43. Rxb5 Kg7 44. c6 Rxc6 45. Rxd5 {Game drawn by mutual
agreement} 1/2-1/2

[Event "Team 45 45 League T32"]
[Site "Internet Chess Club"]
[Date "2007.01.27"]
[Round "2"]
[White "EddieAdams"]
[Black "steinitz"]
[Result "1-0"]
[WhiteElo "1554"]
[BlackElo "1507"]
[ECO "C01"]
[TimeControl "2700+45"]

1. e4 e6 2. d4 c5 3. d5 exd5 4. exd5 d6 5. Nc3 Nf6 6. Be2 Be7 7. Nf3 O-O 8. h3
Na6 9. O-O Nc7 10. Re1 a6 11. Bg5 b5 12. Bd3 Bb7 13. Nh4 g6 14. Qf3 Ncxd5 15.
Rxe7 Qxe7 16. Nxd5 Bxd5 17. Bxf6 Qe6 18. Qf4 c4 19. Bf1 Bb7 20. Re1 Rfe8 21.
Rxe6 Rxe6 22. Bd4 Rae8 23. Qh6 f6 24. Nxg6 hxg6 25. Qxg6+ Kf8 26. Bxf6 Rxf6 27.
Qxf6+ Kg8 28. Qg6+ Kf8 29. Qxd6+ Re7 30. Qb8+ Kf7 31. Qf4+ Ke8 32. h4 Be4 33.
Be2 Bxc2 34. Bh5+ {Black resigns} 1-0

[Event "Team 45 45 League T32"]
[Site "Internet Chess Club"]
[Date "2007.01.29"]
[Round "2"]
[White "pokerram"]
[Black "HoHo"]
[Result "1-0"]
[WhiteElo "1719"]
[BlackElo "1686"]
[ECO "B93"]
[TimeControl "2700+45"]

1. e4 c5 2. Nf3 d6 3. d4 cxd4 4. Nxd4 Nf6 5. Nc3 a6 6. f4 e6 7. a4 Qc7 8. Bd3
Be7 9. Nf3 Nc6 10. O-O O-O 11. Kh1 b6 12. Qe1 Nb4 13. e5 Nxd3 14. cxd3 dxe5 15.
fxe5 Nd7 16. Qg3 Re8 17. Bh6 g6 18. Rac1 Qb8 19. d4 Bb7 20. Qh3 Nf8 21. Ng5 Bxg5
22. Bxg5 Rc8 23. Bf6 Nd7 24. Qh6 Nxf6 25. exf6 Bxg2+ 26. Kg1 Qxh2+ 27. Kxh2 Bxf1
28. Qg7# {Black checkmated} 1-0

[Event "Team 45 45 League T32"]
[Site "Internet Chess Club"]
[Date "2007.01.26"]
[Round "2"]
[White "quotha"]
[Black "nanning"]
[Result "1-0"]
[WhiteElo "1604"]
[BlackElo "1486"]
[ECO "D00"]
[TimeControl "2700+45"]

1. d4 d5 2. Bf4 c5 3. e3 e6 4. Nf3 Nf6 5. h3 Nc6 6. Be2 cxd4 7. exd4 Bd6 8. Bg5
Qa5+ 9. c3 Ne4 10. Qc1 h6 11. Bf4 Qc7 12. Bxd6 Qxd6 13. Na3 a6 14. Nc2 O-O 15.
Ne3 Re8 16. Bd3 e5 17. O-O exd4 18. cxd4 Qg6 19. Nxd5 Bxh3 20. Nf4 Qd6 21. Nxh3
Nxd4 22. Nxd4 Qxd4 23. Bxe4 Qxe4 24. Re1 Qg6 25. Qc3 Rec8 26. Qb4 b5 27. Re3 Rc4
28. Qe7 Rac8 29. Rg3 Qf5 30. Qe3 Rc2 31. Qxh6 Qe5 32. Qxa6 Qxb2 33. Rf1 Qb4 34.
a3 Qb3 35. Rxb3 {Black resigns} 1-0

[Event "Team 45 45 League T32"]
[Site "Internet Chess Club"]
[Date "2007.01.30"]
[Round "2"]
[White "Lionskins"]
[Black "jacknor"]
[Result "0-1"]
[WhiteElo "1592"]
[BlackElo "1570"]
[ECO "A00"]
[TimeControl "2700+45"]

1. b4 d5 2. Bb2 Qd6 3. a3 e5 4. e3 Nf6 5. h3 g6 6. Nf3 Nbd7 7. c4 c6 8. Qc2 Bg7
9. c5 Qc7 10. Nc3 O-O 11. g4 Re8 12. Rg1 d4 13. Ne2 d3 14. Qxd3 e4 15. Qc3 exf3
16. Ng3 h6 17. Qc2 Nd5 18. Bxg7 Kxg7 19. h4 Qe5 20. Rc1 N7f6 21. Nf5+ gxf5 22.
gxf5+ Kh7 23. Bd3 Qh2 24. Rg3 Qxh4 25. Rxf3 Qh1+ 26. Ke2 Nf4+ 27. Rxf4 Qh5+ 28.
Rf3 Bd7 29. Rg1 Rg8 30. Qd1 Rxg1 31. Qxg1 Rg8 32. Qf1 Kh8 33. Qh3 Qxh3 34. Rxh3
h5 35. e4 Kg7 36. e5 Ng4 37. f4 Rh8 38. Kf3 Kf8 39. Be4 Ke7 40. d4 Kf8 41. Rh4
Kg7 42. f6+ Kf8 43. f5 Bc8 44. Kf4 Nf2 45. Bc2 b6 46. Kf3 Ng4 47. Be4 Bd7 48.
Kf4 Nf2 49. Bf3 bxc5 50. bxc5 Nd3+ 51. Ke4 Nb2 52. Bxh5 Nc4 53. a4 a5 54. d5
cxd5+ 55. Kxd5 Ne3+ 56. Kd6 Bxf5 57. c6 Be6 58. c7 Nf5+ 59. Kc6 Nxh4 60. Be2 Ng6
61. Kd6 Rh2 62. Bb5 Rd2+ 63. Kc6 Nxe5+ 64. Kb6 Rc2 65. Kb7 Ng4 66. Bd3 Rc3 67.
Ba6 Nxf6 68. Kb6 Nd5+ 69. Kxa5 Nxc7 {White resigns} 0-1

[Event "Team 45 45 League T32"]
[Site "Internet Chess Club"]
[Date "2007.01.28"]
[Round "2"]
[White "alaskauk"]
[Black "Pawndemonium"]
[Result "0-1"]
[WhiteElo "1502"]
[BlackElo "1550"]
[ECO "C33"]
[TimeControl "2700+45"]

1. e4 e5 2. f4 exf4 3. Bc4 Bc5 4. d4 Bb6 5. Bxf4 d6 6. c3 Qh4+ 7. g3 Qe7 8. Qf3
Nf6 9. Nd2 Nc6 10. Bb5 O-O 11. O-O-O Bg4 12. Qd3 Bxd1 13. Kxd1 Rfe8 14. Ba4 Nxe4
15. Nh3 Nxd2 16. Kxd2 Qe4 17. Qxe4 Rxe4 18. Bc2 Re7 19. Ng5 h6 20. Nf3 Nd8 21.
Rf1 Ne6 22. Re1 Rae8 23. Ba4 Nxf4 24. Bxe8 Rxe1 25. Kxe1 Nd3+ 26. Kd2 Nxb2 27.
Bb5 a6 28. Be2 Ba7 29. Kc2 Na4 30. Nd2 Nb6 31. Bf3 c6 32. Nb3 Nc4 33. Kd3 d5 34.
Bg4 Nd6 35. Nc5 f5 36. Bf3 Bxc5 37. dxc5 Ne4 38. Kd4 Kf7 39. a3 Kf6 40. a4 g5
41. g4 Nd2 42. Bd1 f4 43. a5 f3 44. Ke3 Nc4+ 45. Kxf3 Ke5 46. Bc2 Nxa5 47. Bf5
d4 48. cxd4+ Kxd4 49. Ke2 Kxc5 50. Bc8 Kd4 51. Bd7 c5 52. Bf5 b5 53. Bc8 b4 54.
Bxa6 c4 55. Kd2 c3+ 56. Kc1 b3 57. Be2 Nc4 58. Bd1 b2+ {White resigns} 0-1

[Event "Team 45 45 League T32"]
[Site "Internet Chess Club"]
[Date "2007.01.27"]
[Round "2"]
[White "KingWhacker"]
[Black "jonesey"]
[Result "1/2-1/2"]
[WhiteElo "1912"]
[BlackElo "2013"]
[ECO "C97"]
[TimeControl "2700+45"]

1. e4 e5 2. Nf3 Nc6 3. Bb5 a6 4. Ba4 Nf6 5. O-O Be7 6. Re1 b5 7. Bb3 O-O 8. h3
d6 9. c3 Na5 10. Bc2 c5 11. d4 Qc7 12. d5 Ne8 13. Nbd2 f5 14. exf5 Bxf5 15. Bxf5
Rxf5 16. Ne4 h6 17. Nh2 Rf8 18. Qg4 Nf6 19. Qg6 Nxe4 20. Rxe4 Rf6 21. Qg3 Raf8
22. Ng4 Rg6 23. Nxh6+ Kh7 24. Ng4 Nc4 25. h4 Rf5 26. Qh3 Rh5 27. g3 Qd8 28. Kf1
Qg8 29. Re2 Qxd5 30. Ne3 Qd3 31. Qh1 Nxe3+ 32. Bxe3 d5 33. Ke1 Qc4 34. Qf3 Rxh4
35. gxh4 Rg1+ 36. Kd2 Rxa1 37. Qh5+ Kg8 38. Qe8+ Bf8 39. Qe6+ Kh7 {Game drawn by
mutual agreement} 1/2-1/2

[Event "Team 45 45 League T32"]
[Site "Internet Chess Club"]
[Date "2007.01.28"]
[Round "2"]
[White "MiroslavR"]
[Black "The-Rookie"]
[Result "0-1"]
[WhiteElo "1989"]
[BlackElo "1950"]
[ECO "B22"]
[TimeControl "2700+45"]

1. e4 c5 2. c3 Nf6 3. e5 Nd5 4. d4 cxd4 5. Nf3 e6 6. cxd4 d6 7. Bc4 Nb6 8. Bb3
Bd7 9. O-O Bc6 10. Nc3 dxe5 11. Nxe5 N8d7 12. Nxc6 bxc6 13. Bf4 Nf6 14. Rc1 Bd6
15. Qf3 Bxf4 16. Qxf4 O-O 17. Ne4 Nxe4 18. Qxe4 Rc8 19. Rc5 Qd6 20. Rfc1 Rfd8
21. Rxc6 Rxc6 22. Rxc6 Qxd4 23. Qxd4 Rxd4 24. Rc7 Rd7 25. Rxd7 Nxd7 26. f3 Kf8
27. Kf2 Ke7 28. Ke3 Kd6 29. Bc2 Nb6 30. b3 Nd5+ 31. Kd2 Ke5 32. Be4 Nb4 33. a3
Na6 34. b4 h6 35. Kc3 Nc7 36. a4 Nd5+ 37. Bxd5 Kxd5 38. Kd3 e5 39. g4 g6 40. h4
f6 41. a5 Kc6 42. Kc4 a6 43. b5+ axb5+ 44. Kb4 f5 45. gxf5 gxf5 46. a6 f4 47. h5
Kb6 48. a7 Kxa7 49. Kxb5 e4 50. Kc4 e3 51. Kd3 Kb6 {White resigns} 0-1

[Event "Team 45 45 League T32"]
[Site "Internet Chess Club"]
[Date "2007.01.27"]
[Round "2"]
[White "TheObliterator"]
[Black "SpikeyJ"]
[Result "0-1"]
[WhiteElo "1654"]
[BlackElo "2131"]
[ECO "B09"]
[TimeControl "2700+45"]

1. e4 d6 2. d4 Nf6 3. Nc3 g6 4. f4 Bg7 5. Nf3 O-O 6. Be2 c5 7. d5 e6 8. dxe6
Bxe6 9. O-O Nc6 10. h3 a6 11. a4 Qc7 12. g4 Rae8 13. f5 Bc8 14. Bd3 d5 15. e5
Nxe5 16. g5 Nxd3 17. cxd3 Qg3+ 18. Kh1 Qxh3+ 19. Nh2 Nh5 20. Bf4 Bxf5 21. Rf3
Qh4 22. Bd6 Be5 23. Bxe5 Rxe5 24. Qd2 Ng3+ 25. Kg1 Bh3 26. Re1 Rxg5 27. Qd1 Ne2+
28. Kh1 Bg2# {White checkmated} 0-1

[Event "Team 45 45 League T32"]
[Site "Internet Chess Club"]
[Date "2007.02.04"]
[Round "2"]
[White "Phosphorus"]
[Black "searchforbobby1"]
[Result "0-1"]
[WhiteElo "2101"]
[BlackElo "2127"]
[ECO "A20"]
[TimeControl "2700+45"]

1. c4 e5 2. g3 Nf6 3. Bg2 g6 4. Nc3 Bg7 5. d3 O-O 6. Nf3 Nc6 7. Rb1 d6 8. O-O h6
9. b4 a6 10. a4 Be6 11. b5 axb5 12. axb5 Ne7 13. Qb3 Ne8 14. Ne1 Qc8 15. Nc2 Bh3
16. Nb4 Bxg2 17. Kxg2 Kh7 18. Bb2 f5 19. Ncd5 Nxd5 20. Nxd5 Nf6 21. Ra1 Qd7 22.
Rxa8 Rxa8 23. Nxf6+ Bxf6 24. Ra1 Rxa1 25. Bxa1 f4 26. Qa4 fxg3 27. hxg3 Qc8 28.
Qa7 h5 29. Qe3 Bg7 30. Bb2 c6 31. Ba3 cxb5 32. cxb5 Qd7 33. Qb6 d5 34. Bd6 g5
35. Qc7 Qxc7 36. Bxc7 e4 37. f3 exd3 38. exd3 Kg6 39. f4 g4 40. Bb6 Bf6 41. Bc5
Kf5 42. Bd6 Bd4 43. Bc7 Ke6 44. Kf1 Bf6 45. Ke2 Bd4 46. Kf1 Bc5 47. Be5 Bd6 48.
d4 Bb4 49. Ke2 Kf5 50. Ke3 Be1 {White resigns} 0-1

[Event "Team 45 45 League T32"]
[Site "Internet Chess Club"]
[Date "2007.01.28"]
[Round "2"]
[White "Burning-Bush"]
[Black "jayes"]
[Result "0-1"]
[WhiteElo "2090"]
[BlackElo "2020"]
[ECO "E72"]
[TimeControl "2700+45"]

1. d4 Nf6 2. c4 g6 3. Nc3 Bg7 4. e4 d6 5. g3 O-O 6. Bg2 e5 7. d5 c6 8. Nge2 Re8
9. h3 a6 10. a4 cxd5 11. cxd5 Nbd7 12. Be3 b6 13. O-O Bb7 14. Nc1 Rc8 15. Qd2
Qe7 16. Ra3 Nh5 17. Bf3 f5 18. exf5 e4 19. Be2 Qf7 20. fxg6 Qxg6 21. Bg4 Ne5 22.
Qe2 Nxg4 23. Qxg4 Qxg4 24. hxg4 Nf6 25. g5 Nxd5 26. Nxd5 Bxd5 27. Ra1 Rc6 28.
Rd1 Bc4 29. Rb1 Rec8 30. b3 Be6 31. Na2 a5 32. Bf4 d5 33. Be3 Rc2 34. Nc1 d4 35.
Bf4 Bg4 36. Re1 Bf3 37. b4 e3 38. fxe3 Rg2+ 39. Kf1 Rcc2 40. Nd3 Rh2 41. g4 Rh1#
{White checkmated} 0-1

[Event "Team 45 45 League T32"]
[Site "Internet Chess Club"]
[Date "2007.01.27"]
[Round "2"]
[White "martineden"]
[Black "six-killer"]
[Result "1/2-1/2"]
[WhiteElo "1943"]
[BlackElo "1702"]
[ECO "E00"]
[TimeControl "2700+45"]

1. d4 Nf6 2. c4 e6 3. g3 Bb4+ 4. Bd2 Bxd2+ 5. Nxd2 d6 6. Ngf3 O-O 7. Bg2 Qe7 8.
O-O e5 9. dxe5 dxe5 10. Qc2 Nc6 11. a3 e4 12. Ng5 Nd4 13. Qd1 e3 14. Nde4 exf2+
15. Rxf2 Rd8 16. Nxf6+ gxf6 17. Bd5 fxg5 18. Qxd4 Be6 19. Qe5 c6 20. Bxe6 Qxe6
21. Qxg5+ Kh8 22. Qf6+ Qxf6 23. Rxf6 Kg7 24. Raf1 Rd7 25. b4 Re8 26. R1f2 Re3
27. R6f3 Rde7 28. Kf1 R3e4 29. c5 Rc4 30. Ke1 Rd7 31. Kf1 Re7 32. Rd3 Rc1+ 33.
Kg2 {Game drawn by mutual agreement} 1/2-1/2

[Event "Team 45 45 League T32"]
[Site "Internet Chess Club"]
[Date "2007.01.30"]
[Round "2"]
[White "PublisherKing"]
[Black "JohnnySP"]
[Result "1/2-1/2"]
[WhiteElo "1820"]
[BlackElo "1896"]
[ECO "D94"]
[TimeControl "2700+45"]

1. Nf3 d5 2. c4 Nf6 3. d4 g6 4. Nc3 Bg7 5. e3 O-O 6. cxd5 Nxd5 7. Bc4 Nb6 8. Be2
Na6 9. O-O c5 10. b3 cxd4 11. Nxd4 e5 12. Nf3 Qe7 13. e4 Rd8 14. Qc2 Nb4 15. Qb2
Bg4 16. Be3 Nd3 17. Bxd3 Rxd3 18. Ne1 Rxc3 19. Qxc3 Be2 20. Nf3 Bxf1 21. Rxf1
Qe6 22. Qc7 Qc6 23. Qxc6 bxc6 24. Rc1 Rc8 25. h3 f6 26. Nd2 Bf8 27. Kf1 Kf7 28.
Ke2 Ke6 29. g4 g5 30. Nf1 Rc7 31. Ng3 Nc8 32. Rh1 Ne7 33. h4 Ng6 34. hxg5 Nf4+
35. Kf3 fxg5 36. Nf5 Kf6 37. Rd1 Ne6 38. Ke2 Bb4 39. Rh1 Bf8 40. Kd3 Rd7+ 41.
Kc4 Rb7 42. f3 Rb4+ 43. Kc3 Rb7 44. Kc4 Rb4+ 45. Kc3 Rb7 {Game drawn by mutual
agreement} 1/2-1/2